MLB
SACRAMENTO OIL BARONS @ AUSTIN BATS
04/24/2111
 
TOP OF THE 1ST
Vancouver Crocs batting - Pitching for Las Vegas Mutiny : LHP Raymond Girard
Pitching: LHP Raymond Girard
Batting: LHB Josh Curtis 0-0: Fly out, F7 (Flyball, 7D, EV 108.8 MPH)
Batting: RHB Lee Merillat 0-0: Ball
1-0: Ball
2-0: Fly out, F9 (Flyball, 89S, EV 90.0 MPH)
Batting: LHB Willie Ortiz 0-0: Swinging Strike
0-1: Ball
1-1: Fly out, F6 (Line Drive, 6M, EV 68.8 MPH)
Top of the 1st over - 0 runs, 0 hits, 0 errors, 0 left on base; Vancouver 0 - Las Vegas 0
BOTTOM OF THE 1ST
Las Vegas Mutiny batting - Pitching for Vancouver Crocs : RHP Rodolphe Petit
Pitching: RHP Rodolphe Petit
Batting: RHB Alfonso Santana 0-0: Ball
1-0: Ground out 4-3 (Groundball, 4, EV 82.5 MPH)
Batting: RHB Kris Tabor 0-0: Ball
1-0: Reached on error, E4 (Groundball, 4, EV 104.4 MPH)
Batting: LHB Doug Lowe 0-0: Ball
Pickoff Throw to First - Out! 1-3
1-0: Ground out U3 (Groundball, 3S, EV 91.9 MPH)
Bottom of the 1st over - 0 runs, 0 hits, 1 error, 0 left on base; Vancouver 0 - Las Vegas 0
TOP OF THE 2ND
Vancouver Crocs batting - Pitching for Las Vegas Mutiny : LHP Raymond Girard
Batting: RHB Fernando Alba 0-0: Foul Ball, location: 25F
0-1: Ground out 6-3 (Groundball, 6, EV 105.0 MPH)
Batting: LHB Ivan Gallardo 0-0: Ball
1-0: Fly out, F9 (Flyball, 89S, EV 97.5 MPH)
Batting: RHB Ryan Howe 0-0: Called Strike
0-1: Foul Ball, location: 5FF
0-2: Ball
1-2: Ground out 6-3 (Groundball, 6, EV 86.9 MPH)
Top of the 2nd over - 0 runs, 0 hits, 0 errors, 0 left on base; Vancouver 0 - Las Vegas 0
BOTTOM OF THE 2ND
Las Vegas Mutiny batting - Pitching for Vancouver Crocs : RHP Rodolphe Petit
Batting: LHB Jean Carpentier 0-0: Ball
1-0: Swinging Strike
1-1: Foul Ball, location: 2F
1-2: Ball
2-2: SOLO HOME RUN (Flyball, 9D, EV 94.4 MPH), Distance : 354 ft
Batting: SHB Geoff Lewis 0-0: Ball
1-0: DOUBLE (Flyball, 78D, EV 108.1 MPH)
Pinch Runner at 2nd Lou MacEachern:
Batting: RHB Steve Howland 0-0: Ball
1-0: Foul Ball, location: 2F
1-1: Ground out 3-1 (Groundball, 34S, EV 68.1 MPH)
Lou MacEachern to third
Batting: RHB Willie Torres 0-0: Ball
1-0: Squeeze Bunt to 13S - play home, runner scores, batter safe!
Lou MacEachern scores
Batting: SHB Miguel Padilla 0-0: Ball
Willie Torres is caught stealing 2nd base 2-6
1-0: Ball
2-0: Called Strike
2-1: SINGLE (Groundball, 6, EV 105.0 MPH) (infield hit)
Batting: RHB Jordan Castaneda 0-0: Ball
1-0: Foul Ball, location: 2F
1-1: Called Strike
1-2: Fielders Choice at 2nd, 6-4 (Groundball, 6MD, EV 103.8 MPH)
Bottom of the 2nd over - 2 runs, 3 hits, 0 errors, 1 left on base; Vancouver 0 - Las Vegas 2
TOP OF THE 3RD
Vancouver Crocs batting - Pitching for Las Vegas Mutiny : LHP Raymond Girard
Now at 1B: Lou MacEachern
Batting: SHB Gary Harris 0-0: SINGLE (Line Drive, 78M, EV 105.6 MPH)
Batting: RHB Nick Pagel 0-0: Ball
1-0: Grounds into double play, 1-6-3 (Groundball, 34S, EV 66.3 MPH)
Batting: RHB Curt Wilkinson 0-0: Ball
1-0: Ball
2-0: SINGLE (Groundball, 4S, EV 69.4 MPH) (infield hit)
Batting: LHB Josh Curtis 0-0: Ball
1-0: Called Strike
1-1: Ball
2-1: Swinging Strike
Pickoff Throw to First - Out! 1-3
Top of the 3rd over - 0 runs, 2 hits, 0 errors, 0 left on base; Vancouver 0 - Las Vegas 2
BOTTOM OF THE 3RD
Las Vegas Mutiny batting - Pitching for Vancouver Crocs : RHP Rodolphe Petit
Batting: RHB Alfonso Santana 0-0: Called Strike
0-1: Fly out, F7 (Flyball, 7, EV 91.3 MPH)
Batting: RHB Kris Tabor 0-0: Swinging Strike
0-1: Called Strike
0-2: Ball
1-2: Ball
2-2: Fly out, F7 (Flyball, 78M, EV 85.6 MPH)
Batting: LHB Doug Lowe 0-0: Ground out U3 (Groundball, 34, EV 93.1 MPH)
Bottom of the 3rd over - 0 runs, 0 hits, 0 errors, 0 left on base; Vancouver 0 - Las Vegas 2
TOP OF THE 4TH
Vancouver Crocs batting - Pitching for Las Vegas Mutiny : LHP Raymond Girard
Batting: LHB Josh Curtis 0-0: Swinging Strike
0-1: Ground out 4-3 (Groundball, 4MS, EV 85.0 MPH)
Batting: RHB Lee Merillat 0-0: Foul Ball, location: 2F
0-1: Ball
1-1: Ball
2-1: SINGLE (Groundball, 4MD, EV 106.9 MPH)
Batting: LHB Willie Ortiz 0-0: Ball
1-0: Ball
2-0: Called Strike
2-1: Ball
3-1: Base on Balls
Lee Merillat to second
Batting: RHB Fernando Alba 0-0: Foul Ball, location: 23F
0-1: Foul Ball, location: 2F
0-2: Ball
1-2: Ball
2-2: SINGLE (Line Drive, 6MD, EV 96.9 MPH)
Lee Merillat to third
Willie Ortiz to second
Runner from 3rd tries for Home, SAFE, throw by CF to home
Pitching: LHP Luis Aquino
Pinch Hitting: RHB Orlando Carias 0-0: Called Strike
0-1: Foul Ball, location: 3F
0-2: SINGLE (Line Drive, 4D, EV 95.6 MPH)
Willie Ortiz to third
Fernando Alba to second
Batting: RHB Ryan Howe 0-0: Ball
1-0: Swinging Strike
1-1: Fly out, F7 (Flyball, 78S, EV 83.1 MPH)
Batting: SHB Gary Harris 0-0: Swinging Strike
0-1: Foul Ball, location: 5SF
0-2: Ball
1-2: SINGLE (Line Drive, 34D, EV 110.0 MPH)
Willie Ortiz scores
Fernando Alba to third
Orlando Carias to second
Runner from 3rd tries for Home, SAFE, throw by RF to home
Batting: RHB Nick Pagel 0-0: Ball
1-0: Fly out, F5 (Line Drive, 5, EV 63.1 MPH)
Top of the 4th over - 3 runs, 4 hits, 0 errors, 2 left on base; Vancouver 3 - Las Vegas 2
BOTTOM OF THE 4TH
Las Vegas Mutiny batting - Pitching for Vancouver Crocs : RHP Rodolphe Petit
Now at 2B: Chris Gervais
Batting: LHB Jean Carpentier 0-0: Called Strike
0-1: Called Strike
0-2: Ball
1-2: Ball
2-2: Ball
3-2: Fly out, F5 (Popup, 15S, EV 90.0 MPH)
Batting: RHB Lou MacEachern 0-0: Ball
1-0: Ball
2-0: Swinging Strike
2-1: Called Strike
2-2: Fly out, F9 (Line Drive, 9, EV 98.1 MPH)
Batting: RHB Steve Howland 0-0: Ball
1-0: Foul Ball, location: 25F
1-1: Swinging Strike
1-2: SINGLE (Line Drive, 89S, EV 93.1 MPH)
Batting: RHB Willie Torres 0-0: Called Strike
0-1: Ball
1-1: SINGLE (Line Drive, 3D, EV 95.6 MPH)
Steve Howland to second
Runner from 2nd tries for 3rd, SAFE, throw by RF made to third
Batting: SHB Miguel Padilla 0-0: Ball
1-0: Ball
2-0: SINGLE (Line Drive, 9S, EV 95.0 MPH)
Steve Howland scores
Willie Torres to second
Runner from 2nd tries for 3rd, SAFE, throw by RF made to third
Pitching: RHP Dirk Moore
Batting: RHB Jordan Castaneda 0-0: Swinging Strike
0-1: Foul Ball, location: 2F
0-2: Foul Ball, location: 3DF
0-2: Fly out, F9 (Flyball, 9LM, EV 95.0 MPH)
Bottom of the 4th over - 1 run, 3 hits, 0 errors, 2 left on base; Vancouver 3 - Las Vegas 3
TOP OF THE 5TH
Vancouver Crocs batting - Pitching for Las Vegas Mutiny : LHP Luis Aquino
Pitching: LHP Kieron Macdonald
Batting: RHB Curt Wilkinson 0-0: Foul Ball, location: 23FF
0-1: Foul Ball, location: 7LMF
0-2: Ball
1-2: Ball
2-2: Ground out 6-3 (Groundball, 6M, EV 87.5 MPH)
Batting: LHB Josh Curtis 0-0: Swinging Strike
0-1: Ball
1-1: Swinging Strike
1-2: Foul Ball, location: 3F
1-2: Strikes out swinging
Pinch Hitting: LHB Brian Wallis 0-0: Ball
1-0: Called Strike
1-1: Swinging Strike
1-2: Fly out, F6 (Line Drive, 6, EV 76.3 MPH)
Top of the 5th over - 0 runs, 0 hits, 0 errors, 0 left on base; Vancouver 3 - Las Vegas 3
BOTTOM OF THE 5TH
Las Vegas Mutiny batting - Pitching for Vancouver Crocs : RHP Dirk Moore
Now at 1B: Brian Wallis
Now at SS: Danny Gonzalez
Now in LF: Robby Irizarri
Now in CF: Fernando Alba
Pinch Hitting: RHB Jorge Fals 0-0: Called Strike
0-1: Swinging Strike
0-2: Foul Ball, location: 5F
0-2: Foul Ball, location: 9LSFF
0-2: Strikes out swinging
Pinch Hitting: RHB Leo Medrano 0-0: Ball
1-0: Ball
2-0: Ground out 3-1 (Groundball, 34, EV 105.0 MPH)
Batting: LHB Doug Lowe 0-0: Ball
1-0: Ball
2-0: Called Strike
2-1: Swinging Strike
2-2: Foul Ball, location: 2F
2-2: Strikes out swinging
Bottom of the 5th over - 0 runs, 0 hits, 0 errors, 0 left on base; Vancouver 3 - Las Vegas 3
TOP OF THE 6TH
Vancouver Crocs batting - Pitching for Las Vegas Mutiny : LHP Kieron Macdonald
Pitching: RHP Nick Howe
Now at 2B: Jorge Fals
Now at SS: Javy Saucedo
Batting: RHB Tony Avila 0-0: Ball
1-0: Ball
2-0: Swinging Strike
2-1: Called Strike
2-2: Ball
3-2: SINGLE (Groundball, 34D, EV 98.1 MPH)
Pinch Hitting: RHB Emilio Ortiz 0-0: Sac Bunt to 15 - play at first, batter OUT! 1-3
Tony Avila to second
Batting: RHB Chris Gervais 0-0: Ball
1-0: Called Strike
1-1: Swinging Strike
1-2: Ball
2-2: Strikes out looking
Pinch Hitting: RHB Arhippa Lievonen 0-0: Ball
1-0: Called Strike
1-1: Ball
2-1: Foul Ball, location: 9LMF
2-2: Foul Ball, location: 9LSF
2-2: Ball
3-2: Fly out, F4 (Popup, 4M, EV 53.1 MPH)
Top of the 6th over - 0 runs, 1 hit, 0 errors, 1 left on base; Vancouver 3 - Las Vegas 3
BOTTOM OF THE 6TH
Las Vegas Mutiny batting - Pitching for Vancouver Crocs : RHP Dirk Moore
Now at 3B: Arhippa Lievonen
Now in CF: Emilio Ortiz
Batting: RHB Brandon Watkins 0-0: Ball
1-0: DOUBLE (Flyball, 89XD, EV 106.9 MPH)
Batting: RHB Lou MacEachern 0-0: Ball
1-0: Bunt missed!
1-1: Bunted foul
1-2: Strikes out swinging wild pitch, reaches first!
Brandon Watkins to third
Pinch Hitting: RHB Gary Renouf 0-0: Called Strike
0-1: Called Strike
0-2: Fly out, F7 (Flyball, 7LSF, EV 96.9 MPH)
Pinch Hitting: RHB Bendt Rohrmann 0-0: Called Strike
0-1: Called Strike
0-2: Foul Ball, location: 5F
0-2: Strikes out swinging
Pitching: LHP Mike Malcom
Pinch Hitting: RHB Pete Frye 0-0: 3-RUN HOME RUN (Flyball, 7D, EV 94.4 MPH), Distance : 353 ft
Batting: RHB Jordan Castaneda 0-0: Ball
1-0: Foul Ball, location: 2F
1-1: Ball
2-1: Swinging Strike
2-2: Foul Ball, location: 9LDF
2-2: SINGLE (Line Drive, 8RS, EV 89.4 MPH)
Batting: RHB Jorge Fals 0-0: Ball
1-0: Foul Ball, location: 5F
1-1: Ball
2-1: DOUBLE (Groundball, 5L, EV 106.3 MPH)
Jordan Castaneda to third
Batting: RHB Javy Saucedo 0-0: Fly out, F8 (Flyball, 8RD, EV 95.0 MPH)
Bottom of the 6th over - 3 runs, 4 hits, 0 errors, 2 left on base; Vancouver 3 - Las Vegas 6
TOP OF THE 7TH
Vancouver Crocs batting - Pitching for Las Vegas Mutiny : RHP Nick Howe
Pitching: RHP Noah Stoeckle
Now at 3B: Gary Renouf
Now in LF: Doug Lowe
Now in CF: Roy Cook
Now in RF: Alex Roa
Batting: LHB Robby Irizarri 0-0: Ground out 4-3 (Groundball, 4D, EV 103.8 MPH)
Batting: RHB Nick Pagel 0-0: Ground out 6-3 (Groundball, 56, EV 78.8 MPH)
Batting: LHB Danny Gonzalez 0-0: Ground out 4-3 (Groundball, 4MD, EV 106.9 MPH)
Top of the 7th over - 0 runs, 0 hits, 0 errors, 0 left on base; Vancouver 3 - Las Vegas 6
BOTTOM OF THE 7TH
Las Vegas Mutiny batting - Pitching for Vancouver Crocs : LHP Mike Malcom
Pitching: RHP Jason Currier
Now at C: Roberto Ochoa
Batting: LHB Doug Lowe 0-0: Foul Ball, location: 9LMFF
0-1: Ball
1-1: SINGLE (Groundball, 4MD, EV 105.0 MPH)
Batting: RHB Brandon Watkins 0-0: Ball
1-0: Bunted foul
1-1: Bunted foul
1-2: Foul Ball, location: 2F
1-2: Ball
2-2: Foul Ball, location: 9LSF
2-2: SINGLE (Groundball, 6MD, EV 104.4 MPH)
Doug Lowe to second
Runner from 2nd tries for 3rd, SAFE, throw by CF made to third
Pinch Hitting: LHB Luis Maldonado 0-0: Ball
1-0: Ball
2-0: Ball
3-0: Base on Balls
Brandon Watkins to second
Batting: RHB Gary Renouf 0-0: Called Strike
0-1: Ball
1-1: Ball
2-1: Foul Ball, location: 9LMF
2-2: Foul Ball, location: 9LDF
2-2: Grounds into fielders choice 5-2 (Groundball, 56S, EV 68.8 MPH)
Brandon Watkins to third
Luis Maldonado to second
Batting: RHB Roy Cook 0-0: Ball
1-0: Swinging Strike
1-1: Ball
2-1: Called Strike
2-2: Ball
3-2: Strikes out swinging
Pitching: RHP Eric Flores
Batting: RHB Alex Roa 0-0: Foul Ball, location: 2F
0-1: Foul Ball, location: 3SF
0-2: Fly out, F7 (Flyball, 7D, EV 100.6 MPH)
Bottom of the 7th over - 0 runs, 2 hits, 0 errors, 3 left on base; Vancouver 3 - Las Vegas 6
TOP OF THE 8TH
Vancouver Crocs batting - Pitching for Las Vegas Mutiny : RHP Noah Stoeckle
Now at 1B: Luis Maldonado
Pinch Hitting: LHB Jason Pollack 0-0: Swinging Strike
0-1: Foul Ball, location: 2RF
0-2: Ball
1-2: Strikes out swinging
Batting: LHB Brian Wallis 0-0: Ball
1-0: Ball
2-0: Ball
3-0: Called Strike
3-1: Fly out, F8 (Flyball, 78M, EV 82.5 MPH)
Batting: RHB Tony Avila 0-0: Ball
1-0: Fly out, F4 (Popup, 34, EV 74.4 MPH)
Top of the 8th over - 0 runs, 0 hits, 0 errors, 0 left on base; Vancouver 3 - Las Vegas 6
BOTTOM OF THE 8TH
Las Vegas Mutiny batting - Pitching for Vancouver Crocs : RHP Eric Flores
Now in RF: Jason Pollack
Batting: RHB Jordan Castaneda 0-0: Called Strike
0-1: Foul Ball, location: 9LSF
0-2: SINGLE (Line Drive, 6MD, EV 98.1 MPH)
Batting: RHB Jorge Fals 0-0: Ball
1-0: Foul Ball, location: 2F
1-1: Ball
2-1: Called Strike
2-2: Foul Ball, location: 23FF
2-2: Foul Ball, location: 2LF
2-2: Ball
3-2: Foul Ball, location: 25FF
3-2: Foul Ball, location: 5F
3-2: Foul Ball, location: 7LSF
3-2: Base on Balls
Jordan Castaneda to second
Batting: RHB Javy Saucedo 0-0: Bunted foul
0-1: Bunted foul
0-2: Foul Ball, location: 2RF
0-2: Ball
1-2: Foul Ball, location: 9LDF
1-2: Grounds into double play, 5-4-3 (Groundball, 5S, EV 78.8 MPH)
Jordan Castaneda to third
Pitching: RHP Jonathan Gomez
Batting: LHB Doug Lowe 0-0: Ball
1-0: Ground out 4-3 (Groundball, 4, EV 80.6 MPH)
Bottom of the 8th over - 0 runs, 1 hit, 0 errors, 1 left on base; Vancouver 3 - Las Vegas 6
TOP OF THE 9TH
Vancouver Crocs batting - Pitching for Las Vegas Mutiny : RHP Noah Stoeckle
Pitching: RHP Ricardo Leal
Pinch Hitting: SHB Bill Vargas 0-0: DOUBLE (Line Drive, 7LM, EV 107.5 MPH)
Batting: RHB Chris Gervais 0-0: Ball
1-0: Called Strike
1-1: Fly out, F9 (Line Drive, 9D, EV 105.6 MPH)
Batting: RHB Arhippa Lievonen 0-0: Foul Ball, location: 2F
0-1: Ball
1-1: SINGLE (Groundball, 34D, EV 98.1 MPH)
Bill Vargas to third
Batting: LHB Robby Irizarri 0-0: Foul Ball, location: 7LDF
0-1: Ball
1-1: Ball
2-1: Ball
3-1: Base on Balls
Arhippa Lievonen to second
Pinch Hitting: RHB Pat Devitt 0-0: Foul Ball, location: 3F
0-1: Ball
1-1: Ball
2-1: Ball
3-1: Base on Balls
Bill Vargas scores
Arhippa Lievonen to third
Robby Irizarri to second
Batting: LHB Danny Gonzalez 0-0: Ball
1-0: Ball
2-0: Called Strike
2-1: Ball
3-1: Foul Ball, location: 2F
3-2: Base on Balls
Arhippa Lievonen scores
Robby Irizarri to third
Pat Devitt to second
DELAY Rain delay of 41 minutes in the 9th inning.
Pitching: RHP Jim Connolly
Batting: LHB Jason Pollack 0-0: Ball
1-0: Foul Ball, location: 5FF
1-1: Ball
2-1: Foul Ball, location: 2F
2-2: Ball
3-2: Grounds into fielders choice 3-2 (Groundball, 3L, EV 80.6 MPH)
Pat Devitt to third
Danny Gonzalez to second
Batting: LHB Brian Wallis 0-0: Called Strike
0-1: Swinging Strike
0-2: Ball
1-2: Foul Ball, location: 7LMF
1-2: Ball
2-2: SINGLE (Groundball, 6MS, EV 61.3 MPH) (infield hit)
Pat Devitt scores
Danny Gonzalez to third
Jason Pollack to second
Batting: RHB Tony Avila 0-0: Ball
1-0: Ball
2-0: Ball
3-0: Base on Balls
Danny Gonzalez scores
Jason Pollack to third
Brian Wallis to second
Batting: SHB Bill Vargas 0-0: Ball
1-0: Foul Ball, location: 23FF
1-1: Called Strike
1-2: Ball
2-2: Strikes out swinging
Top of the 9th over - 4 runs, 3 hits, 0 errors, 3 left on base; Vancouver 7 - Las Vegas 6
BOTTOM OF THE 9TH
Las Vegas Mutiny batting - Pitching for Vancouver Crocs : RHP Jonathan Gomez
Pitching: RHP Jesus Lopez
Now at C: Pat Devitt
Now in LF: Bill Vargas
Now in CF: Robby Irizarri
Batting: RHB David Tapia 0-0: Called Strike
0-1: Called Strike
0-2: Ball
1-2: Ball
2-2: Ball
3-2: Foul Ball, location: 23F
3-2: Ground out 5-3 (Groundball, 5S, EV 81.3 MPH)
Batting: LHB Luis Maldonado 0-0: Ball
1-0: Ball
2-0: Called Strike
2-1: Ball
3-1: Base on Balls
Batting: RHB Gary Renouf 0-0: Ball
1-0: Ball
2-0: Called Strike
2-1: Swinging Strike
2-2: Ball
3-2: SINGLE (Groundball, 4MD, EV 103.1 MPH)
Luis Maldonado to second
Runner from 2nd tries for 3rd, SAFE, throw by CF made to third
Batting: RHB Roy Cook Squeeze bunt is on, Luis Maldonado is out
0-1: Foul Ball, location: 9LSF
0-2: Ball
1-2: Foul Ball, location: 2F
1-2: Ball
Passed Ball!
Gary Renouf to second
2-2: Ball
3-2: Foul Ball, location: 2F
3-2: Foul Ball, location: 2F
3-2: Ground out 6-3 (Groundball, P, EV 91.9 MPH)
Bottom of the 9th over - 0 runs, 1 hit, 0 errors, 1 left on base; Vancouver 7 - Las Vegas 6
Wednesday, August 28th , 2024 - OOTP Baseball 25.8 Build 87